 Dungeon Crawl Stone Soup version bcrawl-1.38.3 (webtiles) character file.

Game seed: 14757372889744483248

184195 Corvidia the Skirmisher (level 6, 0/48 HPs)
             Began as a Demonspawn Fighter on May 12, 2023.
             Was an Initiate of Wu Jian.
             Slain by a bullfrog (7 damage)
             ... on level 4 of the Dungeon.
             The game lasted 00:03:38 (3406 turns).

Corvidia the Skirmisher (Demonspawn Fighter)        Turns: 3406, Time: 00:03:39

Health: 0/48       AC:  7    Str: 17    XL:     6   Next: 58%
Magic:  7/7        EV:  6    Int: 11    God:    Wu Jian [......]
Gold:   259        SH:  9    Dex: 12    Spells: 5/5 levels left

rFire    . . .     GDR:     28% a - +0 rapier
rCold    . . .     SeeInvis .   c - +0 medium shield
rNeg     . . .     Gourm    .   b - +0 scale mail
rPois    +         Faith    .   (helmet restricted)
rElec    .         Spirit   .   (no cloak)
rCorr    .         Reflect  .   (no gloves)
MR       .....                  (no boots)
Stlth    ..........             (no amulet)
HPRegen  0.18/turn              f - ring of poison resistance
MPRegen  0.10/turn              (no ring)

@: no status effects
A: claws 1, hooves 2, horns 1
a: Renounce Religion


You were on level 4 of the Dungeon.
You worshipped Wu Jian.
Wu Jian was noncommittal.
You were hungry.

You visited 1 branch of the dungeon, and saw 4 of its levels.

You collected 259 gold pieces.

Inventory:

Hand Weapons
 a - a +0 rapier (weapon)
Missiles
 u - a throwing net {=f}
Armour
 b - a +0 scale mail (worn)
 c - a +0 medium shield (worn)
Jewellery
 f - a ring of poison resistance (left claw)
Wands
 l - a wand of scattershot (4)
 m - a wand of flame (22)
 t - a wand of acid (2)
Scrolls
 h - a scroll of blinking {unknown}
 i - a scroll of identify
 j - a scroll of enchant weapon {unknown}
 k - 4 scrolls of remove curse {unknown}
 p - 2 scrolls of teleportation {unknown}
 r - 2 scrolls of immolation {unknown}
Potions
 d - 3 potions of might
 g - a potion of ambrosia {unknown}
 o - a potion of degeneration {unknown}
 q - 2 potions of brilliance {unknown}
 s - a potion of curing {unknown}
 v - a potion of flight {unknown}
Comestibles
 e - 2 rations {!d}


   Skills:
 - Level 4.0 Fighting
 - Level 2.1 Short Blades
 + Level 4.0 Armour
 + Level 2.8 Dodging
 + Level 4.0 Shields
 + Level 1.9 Evocations


You had 5 spell levels left.
You didn't know any spells.
Your spell library was empty.

Dungeon Overview and Level Annotations

Branches:
Dungeon (4/12)
 Temple: D:4-7

Altars:
Nemelex Xobeh
Wu Jian


Innate Abilities, Weirdness & Mutations

You have sharp fingernails.
You have hoof-like feet.
You have a pair of small horns on your head.


Message History

The bullfrog is heavily wounded.
The bullfrog hits you. You block the bullfrog's attack.
You closely miss the bullfrog.
You kick the bullfrog, but do no damage.
The bullfrog is heavily wounded.
The bullfrog hits you!
* * * LOW HITPOINT WARNING * * *
The bullfrog hits you but does no damage.
You hit the bullfrog. Your kick misses the bullfrog.
The bullfrog is severely wounded.
The bullfrog hits you.
* * * LOW HITPOINT WARNING * * *
The bullfrog barely misses you.
All of the chunks of flesh in your inventory have rotted away.
You block the bullfrog's attack.
You see here 147 stones.
The bullfrog closely misses you.
Okay, then.
The bullfrog hits you!
You die...

...####.#...PP...P..##
........#.#....P.P..##
.....####.#...PP.....#
.....####.#........#.#
(...##..<.#.####.#.#..
.##.....#.#.##.....##.. .#
........#.#.##.#...# ...#
....###.#.#.##.#...###....#
........#.#.##.#@..........
..........#.##.#F..........
.....######.##.#.######.#..
....... ..##.#(# # ........
#.#.# ######## #...#
#[.......# ...........
#........###


You could see a bullfrog.

Vanquished Creatures
  Purgy (D:3)
  A bullfrog (D:3)
  A scorpion (D:4)
  Jessica (D:3)
  A worker ant (D:3)
  A hound zombie (D:4)
  Robin (D:2)
  An adder (D:2)
  2 worms (D:3)
  2 dart slugs
  4 leopard geckos (D:1)
  7 orcs (D:3)
  4 bats
  2 giant cockroaches
  12 goblins
  11 hobgoblins
  10 jackals
  8 kobolds
  5 quokkas
  4 frilled lizards
  6 rats
85 creatures vanquished.

Notes
Turn   | Place    | Note
-------+----------+-------------------------------------------
     0 | D:1      | Corvidia the Demonspawn Fighter began the quest for the
                  | Orb.
     0 | D:1      | Reached XP level 1. HP: 18/18 MP: 1/1
   219 | D:1      | Gained mutation: You have a pair of small horns on your
                  | head. [demonic ancestry]
   219 | D:1      | Reached XP level 2. HP: 24/24 MP: 2/2
   721 | D:1      | Gained mutation: You have large cloven feet. [demonic
                  | ancestry]
   721 | D:1      | Reached XP level 3. HP: 26/29 MP: 3/3
   948 | D:2      | Reached skill level 1 in Dodging
  1233 | D:2      | Noticed Robin
  1321 | D:2      | Killed Robin
  1322 | D:2      | Gained mutation: You have sharp fingernails. [demonic
                  | ancestry]
  1322 | D:2      | Reached XP level 4. HP: 22/35 MP: 4/4
  1806 | D:2      | Found a sparkling altar of Nemelex Xobeh.
  2198 | D:3      | Noticed Jessica
  2204 | D:3      | Killed Jessica
  2256 | D:3      | Reached XP level 5. HP: 42/42 MP: 5/5
  2451 | D:3      | Noticed Purgy
  2459 | D:3      | Killed Purgy
  2460 | D:3      | Reached skill level 1 in Evocations
  2460 | D:3      | Gained mutation: You have hoof-like feet. [demonic
                  | ancestry]
  2460 | D:3      | Reached XP level 6. HP: 33/48 MP: 5/7
  2700 | D:3      | Found an ornate altar of the Wu Jian Council.
  2755 | D:3      | Became a worshipper of the Wu Jian Council
  3406 | D:4      | Slain by a bullfrog

Skill      XL: |  1  2  3  4  5  6 |
---------------+-------------------+-----
Short Blades   | 2 |  2.1
Armour         | 3 4 |  4.0
Dodging        | 1 2 |  2.8
Shields        | 3 4 |  4.0
Fighting       | 4 |  4.0
Evocations     | 1 |  1.9

Action                   |  1- 3 |  4- 6 || total
-------------------------+-------+-------++-------
Melee: Rapier            |   107 |   163 ||   270
       Headbutt          |    12 |    17 ||    29
       Kick              |    13 |    43 ||    56
Invok: Lunge             |       |     5 ||     5
  Eat: Chunk             |     4 |    12 ||    16
Armor: Scale mail        |    39 |    69 ||   108
Dodge: Dodged            |    14 |    43 ||    57
Block: Medium shield     |    49 |    82 ||   131
